 Dungeon Crawl Stone Soup version 0.28-a0-1429-gf3d713df7a (webtiles) character file.

Game seed: 13812311877860311723

50 HallandMoats the Skirmisher (level 3, -5/18 HPs)
             Began as a Vine Stalker Fighter on Jan 9, 2022.
             Was a Follower of Hepliaklqana.
             Slain by a gnoll (9 damage)
             ... on level 2 of the Dungeon.
             The game lasted 00:01:35 (1445 turns).

HallandMoats the Skirmisher (Vine Stalker Fighter)  Turns: 1445, Time: 00:01:35

Health: -5/18      AC:  6    Str: 20    XL:     3   Next: 79%
Magic:  0/5        EV:  9    Int:  8    God:    Hepliaklqana [*.....]
Gold:   49         SH:  4    Dex: 13    Spells: 2/2 levels left

rFire   . . .      SeeInvis .   a - +0 war axe
rCold   . . .      Faith    .   c - +0 buckler
rNeg    . . .      Spirit   +   b - +0 scale mail
rPois   .          Reflect  .   (no helmet)
rElec   .          Harm     .   (no cloak)
rCorr   .          Rampage  .   (no gloves)
Will    .....                   (no boots)
Stlth   ..........              (no amulet)
HPRegen 0.06/turn               (no ring)
MPRegen 0.09/turn               (no ring)

@: no status effects
A: reduced essence, fangs 2, magic shield, antimagic bite, no potion heal 2
a: Renounce Religion, Recall Ancestor, Ancestor Identity


You were on level 2 of the Dungeon.
You worshipped Hepliaklqana.
Hepliaklqana was aware of your devotion.
You visited 1 branch of the dungeon, and saw 2 of its levels.

You collected 49 gold pieces.

Inventory:

Hand Weapons
 a - a +0 war axe (weapon)
Armour
 b - a +0 scale mail (worn)
 c - a +0 buckler (worn)
Scrolls
 e - 2 scrolls of identify {unknown}
 f - a scroll of blinking {unknown}
 g - a scroll of silence {unknown}
 h - a scroll of enchant armour {unknown}
Potions
 d - 2 potions of might


   Skills:
 + Level 3.0 Fighting
 + Level 2.0 Axes
 + Level 2.6 Armour
 + Level 0.7 Dodging
 + Level 2.9 Shields
 * Level 1.8 Invocations


You had 2 spell levels left.
You didn't know any spells.
Your spell library was empty.

Dungeon Overview and Level Annotations

Branches:
Dungeon (2/15)

Altars:
Hepliaklqana


Innate Abilities, Weirdness & Mutations

Your life essence is reduced to manifest your ancestor. (-10% HP)
You have extremely sharp teeth.
When hurt, damage is shared between your health and your magic reserves.
Your bite disrupts and absorbs the magic of your enemies.
Potions cannot restore your health.


Message History

No target in view!
Found a stone staircase leading up.
No target in view!
Found a stone staircase leading down.
No target in view!
Found a stone staircase leading down.
No target in view!
A gnoll comes into view. It is wielding a +0 halberd.
Found a whip.
The gnoll hits you but does no damage.
A gnoll is nearby!
A gnoll comes into view. It is wielding a +0 halberd.
The gnoll shouts!
A gnoll comes into view. It is wielding a +0 spear.
The gnoll hits you with a +0 halberd.
There are monsters nearby!
You hit the gnoll but do no damage. You block the gnoll's attack.
The gnoll closely misses you.
There are monsters nearby!
You hit the gnoll but do no damage. The gnoll misses you.
You block the gnoll's attack. The gnoll completely misses you.
The gnoll hits you from afar with a +0 spear.
The gnoll closely misses you.
The gnoll hits you from afar with a +0 halberd!
There are monsters nearby!
You are too injured to fight recklessly!
There are monsters nearby!
You are too injured to fight recklessly!
There are monsters nearby!
You are too injured to fight recklessly!
There are monsters nearby!
You are too injured to fight recklessly!
Unknown command.
The gnoll barely misses you.
You swap places.
The gnoll hits you from afar with a +0 spear.
* * * LOW HITPOINT WARNING * * *
The gnoll hits you from afar with a +0 halberd!
Ouch! That really hurt!
You die...

###.##.#..R.###.##
# #.....###R.....#
#
####...<.####....
# #.###...### ## #
..# ###...# # >..#
###.# #...# #.##
#>..# #..###.#
##### ##R@gg.#
####g.# .# #


You could see the friendly Sir Rick Astley the ancestor and 3 gnolls.

Vanquished Creatures
  A worm (D:2)
  2 dart slugs
  A bat (D:1)
  3 endoplasms
  3 giant cockroaches
  A hobgoblin (D:1)
  10 jackals
  A quokka (D:2)
  2 ball pythons
  A frilled lizard (D:2)
  6 kobolds (D:1)
  3 rats
34 creatures vanquished.

Vanquished Creatures (collateral kills)
  3 jackals (D:1)
  A rat (D:2)
4 creatures vanquished.

Grand Total: 38 creatures vanquished

Notes
Turn   | Place    | Note
-------+----------+-------------------------------------------
     0 | D:1      | HallandMoats the Vine Stalker Fighter began the quest for
                  | the Orb.
     0 | D:1      | Reached XP level 1. HP: 11/11 MP: 2/2
   429 | D:1      | Found a faded altar of an unknown god.
   494 | D:1      | Reached XP level 2. HP: 16/16 MP: 3/3
   581 | D:1      | Prayed at the altar of an unknown god.
   581 | D:1      | Became a worshipper of Hepliaklqana the Forgotten
   581 | D:1      | Reached * piety under Hepliaklqana
   644 | D:1      | Reached skill level 1 in Invocations
   789 | D:1      | Reached XP level 3. HP: 10/17 MP: 5/5
  1301 | D:2      | Reached skill level 3 in Fighting
  1445 | D:2      | Slain by a gnoll

Illustrated notes

Levels and vault maps discovered:
D:1:      lightli_arrival_boilingwater, layout_basic,
          shapermc_ecumenical_altar_mp_urbaneastern
D:2:      layout_rooms

Skill      XL: |  1  2  3 |
---------------+----------+-----
Invocations    | 1 |  1.8
Axes           | 2 |  2.0
Fighting       | 3 |  3.0
Armour         | |  2.6
Dodging        | |  0.7
Shields        | |  2.9

Action                   || total
-------------------------++-------
Melee: War axe           ||    72
       Bite              ||    25
Invok: Ancestor Identity ||     1
 Stab: Distracted        ||     1
Armor: Scale mail        ||    46
Dodge: Dodged            ||    42
Block: Buckler           ||    16

Table legend: (Time is in decaauts)
 A = Elapsed time spent in this place.
 B = Non-inter-level travel time spent in this place.
 C = Inter-level travel time spent in this place.
 D = Time resting spent in this place.
 E = Time spent auto-exploring this place.
 F = Levels seen in this place.
 G = Mean time per level.
                   A        B        C        D        E       F      G
               +--------+--------+--------+--------+--------+-----+--------+
         Total |   1485 |   1406 |     79 |      0 |   1194 |   2 |  742.5 |
       Dungeon |   1485 |   1406 |     79 |      0 |   1194 |   2 |  742.5 |
               +--------+--------+--------+--------+--------+-----+--------+

Top non-repeatable levels by time:
     D:1: 1224 daAuts
     D:2: 260 daAuts
